 Dungeon Crawl Stone Soup version 0.26-a0-651-gb41185065b (webtiles) character file.

Game seed: 9486910393054516260

273 ipx the Skirmisher (level 6, 0/50 HPs)
             Began as a Barachi Brigand on Oct 22, 2020.
             Succumbed to a scorpion's poison
             ... on level 4 of the Dungeon.
             The game lasted 00:19:31 (1237 turns).

ipx the Skirmisher (Barachi Brigand)                Turns: 1237, Time: 00:19:31

Health: 0/50       AC: 18    Str: 14    XL:     6   Next: 24%
Magic:  6/6        EV:  7    Int: 12    God:
Gold:   105        SH:  0    Dex: 13    Spells: 5/5 levels left

rFire    + . .     SeeInvis .   a - +0 hand axe (flame)
rCold    . . .     Faith    .   (no shield)
rNeg     . . .     Spirit   .   f - +3 chain mail {rF+}
rPois    .         Reflect  .   p - +1 helmet
rElec    .         Harm     .   c - +0 cloak
rCorr    .         Rampage  .   (no gloves)
MR       .....                  r - +0 pair of boots
Stlth    ..........             R - amulet of regeneration
HPRegen  0.16/turn              (no ring)
MPRegen  0.10/turn              (no ring)

@: lethally poisoned (0 -> -1), can't hop, slow
A: +LOS, swims, hooves 1, icy blue scales 1, slowness 1, strong legs 1
a: Hop


You were on level 4 of the Dungeon.
You visited 1 branch of the dungeon, and saw 4 of its levels.

You collected 105 gold pieces.

Inventory:

Hand Weapons
 a - a +0 hand axe of flaming (weapon)
 d - a +2 dagger of speed
 u - a +2 dagger
Armour
 b - a +0 robe
 c - a +0 cloak (worn)
 f - a +3 chain mail of fire resistance (worn)
 o - a +2 animal skin
 p - a +1 helmet (worn)
 r - a +0 pair of boots (worn)
 v - a +0 pair of gloves
Jewellery
 R - an amulet of regeneration (around neck)
Wands
 q - a wand of polymorph (2)
Scrolls
 g - a scroll of blinking
 h - a scroll of enchant weapon
 j - a scroll of teleportation
 m - a scroll of enchant armour
 s - 2 scrolls of remove curse
Potions
 i - a potion of might
 k - a potion of stabbing
 l - 2 potions of haste


   Skills:
 + Level 4.8 Fighting
 - Level 4.0 Short Blades
 * Level 1.4 Axes
 - Level 2.0 Throwing
 + Level 2.3 Armour
 - Level 3.0 Dodging
 - Level 3.6 Stealth


You had 5 spell levels left.
You didn't know any spells.
Your spell library was empty.

Dungeon Overview and Level Annotations

Branches:
Dungeon (4/15)
 Temple: D:4-7

Altars:
Ashenzari
Sif Muna


Innate Abilities, Weirdness & Mutations

You can be seen from farther away. (+LOS)
You can swim through water.
You cover ground slowly.
You can hop short distances.
You have large cloven feet.
You are partially covered in icy blue scales. (AC +2)


Message History

* * * LOW HITPOINT WARNING * * *
You feel sick.
Really quaff the potion of mutation?
You feel extremely strange.
Your feet thicken and deform.
Icy blue scales grow over part of your body.
Your surroundings suddenly seem different.
* * * LOW HITPOINT WARNING * * *
You feel sick.
* * * LOW HITPOINT WARNING * * *
You feel sick.
* * * LOW HITPOINT WARNING * * *
You feel sick.
* * * LOW HITPOINT WARNING * * *
You feel sick.
* * * LOW HITPOINT WARNING * * *
You feel sick.
* * * LOW HITPOINT WARNING * * *
You feel sick.
You die...

..#. .# ##'## #. ..# .#...
#. ..# #._.####### #. #.#
#...#...... #. #.# #
######..... #.###.###
##.#..##.....#.......#
##..#...##........#.#.#
##...#.@..##.. #....#.#
##....#.....##.###......#
##.....#......##..........
#......#......)#..........
## #.##.#.#[).##....### .#
#.##...###.##....### .#
#.####.##........... .#
#.......#..####...## .#
######..#_.## #...##


There were no monsters in sight!

Vanquished Creatures
  A hound (D:4)
  Jessica (D:3)
  Terence (D:3)
  2 worker ants (D:4)
  Robin (D:3)
  3 gnolls (D:4)
  3 adders
  An ooze (D:3)
  An adder skeleton (D:4)
  A leopard gecko (D:4)
  9 orcs (D:4)
  2 ball pythons
  2 giant cockroaches
  13 goblins
  6 hobgoblins
  5 jackals (D:1)
  4 bats
  6 frilled lizards
  3 kobolds
  A leopard gecko skeleton (D:4)
  3 rats
69 creatures vanquished.

Notes
Turn   | Place    | Note
-------+----------+-------------------------------------------
     0 | D:1      | ipx the Barachi Brigand began the quest for the Orb.
     0 | D:1      | Reached XP level 1. HP: 17/17 MP: 1/1
   116 | D:1      | Reached XP level 2. HP: 16/24 MP: 2/2
   138 | D:1      | HP: 1/24 [bat (1)]
   411 | D:3      | Reached XP level 3. HP: 21/30 MP: 3/3
   431 | D:3      | Noticed Jessica
   434 | D:3      | Killed Jessica
   434 | D:3      | Reached XP level 4. HP: 23/37 MP: 4/4
   444 | D:3      | Noticed Robin
   524 | D:3      | Killed Robin
   657 | D:4      | Found a shimmering blue altar of Sif Muna.
   672 | D:4      | Found a broken altar of Ashenzari.
   746 | D:3      | Noticed Terence
   754 | D:3      | Killed Terence
   754 | D:3      | Reached XP level 5. HP: 13/42 MP: 5/5
   968 | D:4      | Reached skill level 1 in Armour
  1116 | D:4      | Noticed a phantom
  1136 | D:4      | HP: 1/43 [phantom (5)]
  1150 | D:4      | Reached XP level 6. HP: 3/49 MP: 6/6
  1188 | D:4      | Reached skill level 1 in Axes
  1224 | D:4      | Gained mutation: You have large cloven feet. [potion of
                  | mutation]
  1224 | D:4      | Gained mutation: You are partially covered in icy blue
                  | scales. (AC +2) [potion of mutation]
  1227 | D:4      | HP: 2/50 [poisoned by a scorpion]
  1232 | D:4      | HP: 1/50 [poisoned by a scorpion]
  1237 | D:4      | Succumbed to a scorpion's poison

Illustrated notes

Levels and vault maps discovered:
D:1:      psy_arrival_radial01, layout_basic
D:2:      layout_basic, ebering_dispersal_statue_hall, uniq_crazy_yiuf_cottage
D:3:      layout_loops_ring, ebering_ghost_reflecting_pool, uniq_terence,
          uniq_jessica, uniq_robin
D:4:      layout_basic, overflow_temple_1_default, serial_corexii_hall,
          chequers_hall_statues_corner_a, chequers_hall_statues_corner_a,
          nicolae_ashenzari_panopticon

Skill      XL: |  1  2  3  4  5  6 |
---------------+-------------------+-----
Fighting       | 3 4 |  4.8
Short Blades   | 3 4 |  4.0
Dodging        | 2 3 |  3.0
Armour         | 2 |  2.3
Axes           | 1 |  1.4
Throwing       | |  2.0
Stealth        | |  3.6

Action                   |  1- 3 |  4- 6 || total
-------------------------+-------+-------++-------
Melee: Dagger            |    80 |   185 ||   265
       Hand axe          |       |    24 ||    24
Throw: Dart              |     7 |    28 ||    35
 Abil: Hop               |     1 |     4 ||     5
Evoke: Wand              |       |     5 ||     5
  Use: Scroll            |       |     9 ||     9
       Potion            |       |     3 ||     3
 Stab: Sleeping          |     3 |     3 ||     6
Armor: Robe              |    22 |     4 ||    26
       Animal skin       |       |     7 ||     7
       Chain mail        |       |    62 ||    62
       Skin              |       |     1 ||     1
Dodge: Dodged            |    46 |    72 ||   118

Table legend: (Time is in decaauts)
 A = Elapsed time spent in this place.
 B = Non-inter-level travel time spent in this place.
 C = Inter-level travel time spent in this place.
 D = Time resting spent in this place.
 E = Time spent auto-exploring this place.
 F = Levels seen in this place.
 G = Mean time per level.
                   A        B        C        D        E       F      G
               +--------+--------+--------+--------+--------+-----+--------+
         Total |   1296 |   1296 |      0 |      0 |      0 |   4 |  324.0 |
       Dungeon |   1296 |   1296 |      0 |      0 |      0 |   4 |  324.0 |
               +--------+--------+--------+--------+--------+-----+--------+

Top non-repeatable levels by time:
     D:4: 445 daAuts
     D:3: 340 daAuts
     D:2: 269 daAuts
     D:1: 241 daAuts
